[Event "Late-Titled-Tuesday-Blitz-April-16-2024"]
[Site "Chess.com"]
[Date "2024.04.16"]
[Round "10"]
[White "GaiozNigalidze"]
[Black "FuenfgegenWilly"]
[Result "0-1"]
[WhiteElo "2669"]
[BlackElo "2480"]
[TimeControl "180+1"]
[EndTime "15:54:39 PDT"]
[Termination "FuenfgegenWilly won on time"]

1. e4 e5 2. Nf3 Nc6 3. Bb5 a6 4. Ba4 d6 5. O-O g5 6. c3 g4 7. Ne1 h5 8. d4 Bd7 9. dxe5 Nxe5 10. Bxd7+ Qxd7 11. Bf4 Bg7 12. Nd2 Ne7 13. Bxe5 Bxe5 14. Nc4 Ng6 15. Ne3 O-O-O 16. a4 Rdg8 17. b4 Bxc3 18. Rb1 Ne5 19. b5 Bxe1 20. bxa6 bxa6 21. Qb3 Kd8 22. Rfxe1 Ke7 23. Nd5+ Kf8 24. Nf6 Qe7 25. Nxg8 Rxg8 26. Qe3 Rg6 27. Rec1 c5 28. Rb6 Kg7 29. Rxa6 Qb7 30. Ra5 h4 31. Rb5 Qa6 32. Qb3 c4 33. Qb4 Qa7 34. Qd2 Qxa4 35. Rb6 Qa3 36. Rd1 c3 37. Qc2 Qc5 38. Rb3 g3 39. Rxc3 gxf2+ 40. Kf1 Qb5+ 41. Qe2 Qb4 42. Re3 Ng4 43. Rb3 Qc5 0-1

[Event "Late-Titled-Tuesday-Blitz-April-16-2024"]
[Site "Chess.com"]
[Date "2024.04.16"]
[Round "10"]
[White "protectiago"]
[Black "MarceloPlaya"]
[Result "0-1"]
[WhiteElo "2062"]
[BlackElo "2324"]
[TimeControl "180+1"]
[EndTime "15:54:40 PDT"]
[Termination "MarceloPlaya won by resignation"]

1. d4 e6 2. c4 Nf6 3. g3 Bb4+ 4.
Bd2 Bxd2+ 5. Nxd2 O-O 6. Bg2 d5 7. Ngf3 Qe7 8. O-O Rd8 9. Qc2 Nc6 10. Rfd1 Bd7 11. e4 dxe4 12. Nxe4 Nxe4 13. Qxe4 Rac8 14.
h4 Be8 15. a3 Qf6 16. b4 b6 17. b5 Ne7 18. Ng5 g6 19. a4 c6 20. Nf3 cxb5 21. axb5 Rxc4 22. Rxa7 Bxb5 23. Ne5 Bc6 24. Qb1 Bxg2 25.
Nxc4 Bf3 26. Rd2 Nf5 27. Ne5 Nxd4 28. Rxf7 Qxe5 29. Rxd4 Qxd4 30. Rxf3 Qd1+ 31. Qxd1 Rxd1+ 32. Kg2 Rb1 33. Re3 Kf7 34. Kf3 Kf6 35. Ke4 Rb2 36. f4 Rb4+ 37. Kd3 Rb3+ 38. Ke4 Rxe3+ 39. Kxe3 h5 40. Kf3 Kf5 41. Kg2 Kg4 42. Kf2 b5 0-1

[Event "Late-Titled-Tuesday-Blitz-April-16-2024"]
[Site "Chess.com"]
[Date "2024.04.16"]
[Round "10"]
[White "volcanoexplorer"]
[Black "Indefatigable11"]
[Result "1-0"]
[WhiteElo "2644"]
[BlackElo "2405"]
[TimeControl "180+1"]
[EndTime "15:54:41 PDT"]
[Termination "volcanoexplorer won on time"]

1. e4 e6 2. d4 d5 3. Nc3 Nf6 4. Bg5 Bb4 5. e5 h6 6. Bd2 Bxc3 7. bxc3 Ne4 8. Bc1 c5 9. Bd3 Nxc3 10. Qg4 g6 11. dxc5 Qa5 12. Bd2 Qxc5 13. Bxg6 Rg8 14. Bxf7+ Kxf7 15. Qf3+ Ke8 16. Bxc3 d4 17. Qh5+ Kd8 18.
Bxd4 Qxc2 19. Rd1 Bd7 20. Qh4+ Kc8 21. Ne2 Nc6 22. Be3 Kc7 23. Rc1 Qxa2 24. Qe7 Qd5 25. Nf4 Qxe5 26. O-O Qd6 27. Qh7 Rh8 28. Qe4 e5 29.
Rfd1 Qf8 30. Qxe5+ Kc8 31. Ng6 Qe8 32. Qxh8 Qxh8 33.
Nxh8 Be6 34. Ng6 Kc7 35. Bf4+ Kb6 36. Rb1+ Ka6 37. Rb2 b6 38. Rd6 Bf7 39. Rxc6 Rd8 40. h4 Rd1+ 41. Kh2 Bd5 42. Rd6 Bf3 43. gxf3 1-0

[Event "Late-Titled-Tuesday-Blitz-April-16-2024"]
[Site "Chess.com"]
[Date "2024.04.16"]
[Round "10"]
[White "SaqoChess_Twitch"]
[Black "mbojan"]
[Result "0-1"]
[WhiteElo "2698"]
[BlackElo "2955"]
[TimeControl "180+1"]
[EndTime "15:54:43 PDT"]
[Termination "mbojan won by resignation"]

1. d4 a6 2. e3 g6 3. Nf3 Bg7 4. Be2 d6 5. O-O Nd7 6. b3 e5 7. Bb2 e4 8. Nfd2 Ngf6 9. c4 O-O 10. Nc3 Re8 11. Qc2 Qe7 12. Rae1 c6 13. f3 d5 14. fxe4 dxe4 15. Bd1 Nf8 16. Qb1 h5 17. Bc2 Bf5 18. a4 Rad8 19. a5 Bh6 20. Qa1 N8h7 21. h3 Ng5 22. Rxf5 gxf5 23. Rf1 Nxh3+ 24. gxh3 Bxe3+ 25.
Kh1 Bxd2 26. Rxf5 Qe6 27. Qf1 Nh7 28. d5 Qh6 29. Nxe4 Be3 30. Rxf7 Rf8 31. Rxf8+ Rxf8 32. Qg2+ Kf7 33. dxc6 bxc6 34. c5 Bf4 35. b4 Qe6 36. Qf3 Ke8 37. Bb3 Qf5 38. Qd3 Ng5 39. Nd6+ Bxd6 40.
Qxf5 Rxf5 41. cxd6 Rf1+ 42. Kg2 Rb1 43. d7+ Kxd7 44. Bf6 Rxb3 45. Bxg5 Rxb4 46. h4 Rb5 47.
Kg3 Rxa5 48. Bf6 Rf5 49. Bg5 c5 0-1

[Event "Late-Titled-Tuesday-Blitz-April-16-2024"]
[Site "Chess.com"]
[Date "2024.04.16"]
[Round "10"]
[White "GoltsevDmitry2000"]
[Black "MFatigue"]
[Result "1/2-1/2"]
[WhiteElo "2758"]
[BlackElo "2559"]
[TimeControl "180+1"]
[EndTime "15:54:44 PDT"]
[Termination "Game drawn - insufficient material"]

1. e4 e6 2. d4 d5 3. exd5 exd5 4. Nf3 Nf6 5. c4 Bb4+ 6. Nc3 O-O 7. Be2 Bg4 8. O-O Nc6 9. Bg5 dxc4 10. Bxc4 Be7 11.
Re1 h6 12. Bh4 Re8 13. h3 Bxf3 14. Qxf3 Qxd4 15. Bxf6 Bxf6 16. Bb3 Qd2 17. Rxe8+ Rxe8 18. Ne4 Qxb2 19. Re1 Kf8 20. Kh2 Qe5+ 21. g3 Nd4 22. Qd3 Nxb3 23. Qxb3 b6 24. Qa3+ c5 25. Qxa7 Qd5 26. Nxf6 gxf6 27. Rxe8+ Kxe8 28. Qxb6 Qxa2 29. Qxc5 Qe6 30. Qh5 f5 31. Qd1 Kf8 32. Kg2 Kg7 33.
Qd4+ Kg6 34. h4 Qe4+ 35. Qxe4 fxe4 36. g4 Kf6 37. f4 exf3+ 38. Kxf3 h5 39. gxh5 Kg7 40.
Kf4 Kh6 41. Kg4 f5+ 42. Kxf5 Kxh5 43. Kf6 Kxh4 1/2-1/2

[Event "Late-Titled-Tuesday-Blitz-April-16-2024"]
[Site "Chess.com"]
[Date "2024.04.16"]
[Round "10"]
[White "ATM622"]
[Black "Romkachess"]
[Result "1-0"]
[WhiteElo "2476"]
[BlackElo "2664"]
[TimeControl "180+1"]
[EndTime "15:54:44 PDT"]
[Termination "ATM622 won on time"]

1. d4 Nf6 2. c4 e6 3. g3 d5 4. Bg2 Be7 5. Nf3 O-O 6. O-O Nbd7 7. Nbd2 c6 8. Qc2 b6 9. e4 dxc4 10. Nxc4 Bb7 11. Rd1 c5 12. Nfe5 cxd4 13. Rxd4 Qc7 14.
Bf4 Nxe5 15. Bxe5 Qc6 16. Bd6 Rfd8 17. Rad1 Bxd6 18. Rxd6 Rxd6 19. Rxd6 Qc5 20. Qd3 Ba6 21. Rd8+ Rxd8 22. Qxd8+ Qf8 23. Qc7 Qc8 24. Qxc8+ Bxc8 25. Nd6 Ba6 26. e5 Nd7 27. f4 Kf8 28. Kf2 Ke7 29. Ke3 f6 30. Kd4 Nc5 31. Bc6 Nd3 32. Bb5 Bxb5 33.
Nxb5 Nxb2 34. Nxa7 Kd7 35. Nb5 Na4 36. Nd6 Nc5 37. Kc4 fxe5 38. fxe5 Kc6 39. Ne8 g6 40. Nf6 h6 41. Ng8 Nd7 42. Ne7+ Kc7 43. Nxg6 Kc6 44. a4 Nc5 45. Nf4 1-0

[Event "Late-Titled-Tuesday-Blitz-April-16-2024"]
[Site "Chess.com"]
[Date "2024.04.16"]
[Round "10"]
[White "emeli_chess"]
[Black "NMJeevanK"]
[Result "0-1"]
[WhiteElo "2462"]
[BlackElo "2573"]
[TimeControl "180+1"]
[EndTime "15:54:44 PDT"]
[Termination "NMJeevanK won by resignation"]

1. d4 d5 2. c4 Nf6 3. Nc3 e6 4.
cxd5 exd5 5. Bg5 Be7 6. e3 O-O 7. Bd3 c6 8. Qc2 h6 9. Bh4 Na6 10. a3 Nc7 11. Nf3 Be6 12. O-O Rc8 13. Ne5 c5 14. f4 cxd4 15. exd4 Qd6 16. Rae1 a6 17. h3 Nb5 18. Nxb5 axb5 19. Qf2 Rfe8 20. Bxb5 Ne4 21. Bxe7 Rxe7 22. Qh4 f6 23. Ng6 Rec7 24.
Bd3 Bf5 25. Ne5 fxe5 26. dxe5 Qb6+ 27. Kh2 Qxb2 28. Re2 Qxa3 29. Bb1 Qe7 30. Qh5 Qf7 31. Qxf7+ Rxf7 32. g4 Bd7 33. f5 Bb5 34. Rxe4 Bxf1 35. Rd4 Bc4 36. e6 Rfc7 37. h4 Kf8 38. g5 hxg5 39.
hxg5 Ke7 40. Kg3 b5 41. Kf4 Kd6 42. Rd1 b4 43. Re1 Rf8 44. Kg4 b3 45. Kh5 b2 46.
Kg6 d4 47. f6 gxf6 48. gxf6 Bxe6 49. Rxe6+ Kxe6 50. Ba2+ Ke5 0-1

[Event "Late-Titled-Tuesday-Blitz-April-16-2024"]
[Site "Chess.com"]
[Date "2024.04.16"]
[Round "10"]
[White "Mikhail_Bryakin"]
[Black "BeanScreen"]
[Result "0-1"]
[WhiteElo "2868"]
[BlackElo "2688"]
[TimeControl "180+1"]
[EndTime "15:54:47 PDT"]
[Termination "BeanScreen won on time"]

1. e4 e5 2. Nf3 Nc6 3. Nc3 Nf6 4. d4 exd4 5. Nxd4 Nxe4 6. Nxe4 Qe7 7. Qd3 d5 8. Nxc6 bxc6 9. Bf4 dxe4 10. Qc4 Qb4+ 11. Qxb4 Bxb4+ 12. Bd2 Bc5 13. Be3 Bxe3 14. fxe3 Ke7 15.
Kd2 Rd8+ 16. Kc3 Be6 17. Be2 Kf6 18. Rhf1+ Ke5 19. h4 Rd5 20. b3 Rad8 21. Rad1 Rxd1 22. Bxd1 f5 23. g3 g6 24. Be2 h6 25. Rd1 Rxd1 26.
Bxd1 g5 27. hxg5 hxg5 28. Kd2 f4 29. gxf4+ gxf4 30. exf4+ Kxf4 31. Bh5 Bg4 32. Be8 e3+ 33. Ke1 Bf3 34. c3 c5 35. Bg6 Be4 36. Be8 Bb1 37.
a3 Ba2 38. b4 cxb4 39. axb4 Ke4 40. Bg6+ Kf4 41. Bd3 Bd5 42. Bh7 Be4 43. Bg8 Bd3 44. Bf7 Ke5 45. Bg8 Kd6 46. Bb3 c5 47. Ba4 cxb4 48.
cxb4 Kd5 49. Be8 Kc4 50. b5 Kc5 51. Bd7 Bxb5 52. Be6 a5 53. Bb3 Kb4 54. Bc2 a4 55. Bb1 Kb3 56. Bg6 a3 57. Bf7+ Bc4 0-1

[Event "Late-Titled-Tuesday-Blitz-April-16-2024"]
[Site "Chess.com"]
[Date "2024.04.16"]
[Round "10"]
[White "Supelyel"]
[Black "rionelG"]
[Result "0-1"]
[WhiteElo "2402"]
[BlackElo "2214"]
[TimeControl "180+1"]
[EndTime "15:54:49 PDT"]
[Termination "rionelG won by resignation"]

1. c4 c5 2. Nc3 Nc6 3. g3 g6 4. Bg2 Bg7 5. Nf3 e6 6. O-O Nge7 7. d3 O-O 8. Be3 Nd4 9. Bxd4 cxd4 10. Ne4 d5 11. Ned2 dxc4 12. Nxc4 Bd7 13. a4 Bc6 14. Qb3 Bd5 15. a5 Rc8 16. Rfc1 h6 17. Nfd2 Bxg2 18. Kxg2 Qd5+ 19. Kg1 h5 20. h4 Rc5 21. Ra4 Nc6 22. Rca1 Rb5 23. Qc2 g5 24. hxg5 Qxg5 25. Nd6 Rd5 26. Nxb7 Ne5 27. Nf3 Nxf3+ 28. exf3 h4 29. Kg2 Be5 30. Qc1 Qg6 31. f4 Bb8 32. a6 Kg7 33.
Ra5 Rxa5 34. Rxa5 f6 35. Kf3 Qxd3+ 36. Kg2 Qe4+ 37. Kg1 hxg3 38. Qf1 Rh8 39. Qg2 Qe1+ 40. Qf1 Rh1+ 0-1

[Event "Late-Titled-Tuesday-Blitz-April-16-2024"]
[Site "Chess.com"]
[Date "2024.04.16"]
[Round "10"]
[White "DanielNaroditsky"]
[Black "Anton_Demchenko"]
[Result "1-0"]
[WhiteElo "3124"]
[BlackElo "2962"]
[TimeControl "180+1"]
[EndTime "15:54:50 PDT"]
[Termination "DanielNaroditsky won by resignation"]

1. e4 e5 2. Nf3 Nc6 3. Bb5 a6 4.
Ba4 Nge7 5. Nc3 d6 6. Bb3 Na5 7. d4 Nxb3 8. axb3 Nc6 9. dxe5 dxe5 10. Qxd8+ Kxd8 11. Be3 Be6 12. O-O-O+ Kc8 13. Nd5 f6 14.
Rd2 a5 15. c3 b6 16. Rhd1 Kb7 17. h3 Be7 18. Ng1 Rhe8 19. Ne2 Bf8 20. Ng3 Ne7 21.
c4 Nc6 22. Nf5 a4 23. bxa4 Rxa4 24. b3 Ra3 25. Kb2 Rea8 26. Rb1 Na5 27. Kc2 Nc6 28. Kd1 Ra1 29. Rxa1 Rxa1+ 30. Ke2 Rb1 31. Rd3 Rb2+ 32. Kf1 Bxf5 33. exf5 e4 34. Rc3 Bd6 35. c5 Be5 36. Rc1 bxc5 37. Bxc5 Rxb3 38. Bf8 Nd4 39. Bxg7 Nxf5 40.
Bxf6 Bxf6 41. Nxf6 Nd6 42. Nd7 c6 43. Nc5+ Kc7 44.
Nxb3 Kd7 45. Nd4 Ke7 46. Nxc6+ Ke6 47. Nb4 1-0

[Event "Late-Titled-Tuesday-Blitz-April-16-2024"]
[Site "Chess.com"]
[Date "2024.04.16"]
[Round "10"]
[White "Yushko_Olga"]
[Black "Savagelittlemole"]
[Result "1-0"]
[WhiteElo "2332"]
[BlackElo "2486"]
[TimeControl "180+1"]
[EndTime "15:54:51 PDT"]
[Termination "Yushko_Olga won on time"]

1. d4 Nf6 2. c4 c5 3. d5 e6 4. Nc3 exd5 5. cxd5 d6 6. e4 g6 7. f4 Bg7 8. Nf3 O-O 9. Be2 a6 10. e5 dxe5 11. fxe5 Ng4 12. Bf4 Nd7 13.
e6 fxe6 14. dxe6 Rxf4 15. exd7 Qxd7 16. O-O Qxd1 17. Raxd1 Bf5 18. Nd5 Re4 19. Bd3 Bd4+ 20. Kh1 Nf2+ 21. Rxf2 Bxf2 22. Nf6+ Kg7 23. Nxe4 Be3 24.
Nh4 Rd8 25. Nxf5+ gxf5 26. Ng3 f4 27. Nf5+ Kf6 28. Nxe3 fxe3 29. Be2 Re8 30. Rd5 b5 31. Rxc5 Rd8 32. Rc2 Ke5 33. h4 Kf4 34. Kh2 Rg8 35.
Bf3 Rd8 36. Kh3 b4 37. Rc4+ Kf5 38. Rxb4 Rd2 39. Bg4+ Ke5 40. Rb8 Kf4 41. Rf8+ Ke5 42. Re8+ Kd4 43. Bf3 Rxb2 44. a4 Ra2 45. h5 h6 46. Kg4 a5 47. Kf5 Kd3 48. Re4 e2 49. Rxe2 Rxa4 50. Kg6 Rf4 51. Ra2 a4 52. Kxh6 Kc3 53.
Bd1 1-0

[Event "Late-Titled-Tuesday-Blitz-April-16-2024"]
[Site "Chess.com"]
[Date "2024.04.16"]
[Round "10"]
[White "1g60-1"]
[Black "StopLookingAtMyProfile"]
[Result "0-1"]
[WhiteElo "2418"]
[BlackElo "2344"]
[TimeControl "180+1"]
[EndTime "15:54:53 PDT"]
[Termination "StopLookingAtMyProfile won by resignation"]

1. e4 e6 2. d4 d5 3. e5 c5 4. Nf3 cxd4 5. Bd3 Nc6 6. a3 Nge7 7.
O-O Ng6 8. Re1 Qc7 9. Qe2 f6 10.
Bxg6+ hxg6 11. Bf4 fxe5 12. Nxe5 Nxe5 13. Bxe5 Bd6 14.
Nd2 Bxe5 15. Qxe5 Qxe5 16. Rxe5 Ke7 17. Nf3 Kd6 18. Rae1 Rh5 19. R5e2 d3 20. cxd3 Bd7 21. d4 Rc8 22. Ne5 Rh4 23. Nxd7 Kxd7 24. Rxe6 Rxd4 25. Rxg6 Rc2 26. Rxg7+ Kc6 27. Re6+ Kb5 28. Rxb7+ Ka5 29.
Rxa7+ Kb5 30. g3 Rdd2 31. a4+ Kb4 32. Rb6+ Kc5 33. Rb5+ Kc6 34. Rf7 d4 35. Rf6+ Kc7 36.
Rh5 d3 37. Rh7+ Kb8 38. Rd7 Kc8 39. Rd4 Rxb2 40. h4 Rd1+ 41. Kg2 d2 42. Rfd6 Kc7 43. h5 Rb4 44. Rxd2 Rxd2 45. Rxd2 Rxa4 46. Kh3 Ra1 47.
Kg4 Rh1 48. f4 Rh2 49. f5 Rxd2 50. Kg5 Kd7 51. Kg6 Ke7 52. Kg7 Rf2 53. g4 Rg2 54. f6+ Ke6 55. h6 Rxg4+ 0-1

[Event "Late-Titled-Tuesday-Blitz-April-16-2024"]
[Site "Chess.com"]
[Date "2024.04.16"]
[Round "10"]
[White "Korchmar_Vasiliy"]
[Black "ansko1999"]
[Result "1-0"]
[WhiteElo "2715"]
[BlackElo "2583"]
[TimeControl "180+1"]
[EndTime "15:54:55 PDT"]
[Termination "Korchmar_Vasiliy won on time"]

1. d4 d5 2. c4 e6 3. Nf3 c6 4. g3 f5 5. Bg2 Nf6 6. O-O Bd6 7. b3 Qe7 8. a4 Na6 9. Ba3 Ne4 10. Bxd6 Qxd6 11. Na3 O-O 12. Nc2 Bd7 13. Ne5 Be8 14. c5 Qe7 15. b4 Bh5 16. Qd3 Nb8 17. b5 Nd7 18. Nxd7 Qxd7 19. Rfb1 f4 20. Rf1 Rf6 21.
Nb4 Bg6 22. bxc6 bxc6 23. Qa6 Rc8 24. Nd3 Nd2 25. Ne5 Qc7 26. Rfd1 Nb3 27. Ra3 Bc2 28. Rxb3 Bxb3 29. Rb1 Bc4 30. Nxc4 dxc4 31. Rb7 Qd8 32. Qxc4 fxg3 33. hxg3 Kh8 34. Rxa7 e5 35. d5 cxd5 36. Qxd5 Qf8 37. c6 Rxf2 38. Qxe5 Rf6 39. a5 Re8 40.
Qd4 Rxe2 41. c7 Re8 42. Rb7 Rc8 43. a6 h6 44. a7 1-0

[Event "Late-Titled-Tuesday-Blitz-April-16-2024"]
[Site "Chess.com"]
[Date "2024.04.16"]
[Round "10"]
[White "Tugrik1969"]
[Black "Karttunen"]
[Result "0-1"]
[WhiteElo "2511"]
[BlackElo "2687"]
[TimeControl "180+1"]
[EndTime "15:54:55 PDT"]
[Termination "Karttunen won on time"]

1. d4 Nf6 2. c4 e6 3. Nf3 d5 4. g3 Bb4+ 5. Nc3 dxc4 6. Bg2 b5 7. O-O c6 8. Ne5 Nd5 9. Qc2 f6 10. Nf3 O-O 11. a4 a6 12. axb5 Bxc3 13. bxc3 cxb5 14. Ba3 Rf7 15. e4 Nb6 16. Rad1 Bb7 17. Rfe1 N8d7 18.
Bh3 f5 19. d5 exd5 20. e5 Nb8 21. e6 Rf6 22. e7 Qe8 23. Bc5 N8d7 24. Bd4 g6 25. Bxf6 Nxf6 26. Re6 Nbd7 27. Ne5 Nxe5 28.
Rxe5 a5 29. Bxf5 gxf5 30. Qxf5 Kg7 31. Qe6 Ra6 32. Rg5+ Kh8 33. Qe5 a4 34. Re1 a3 35.
Rf5 Kg7 36. Rg5+ Kf7 37. Rf5 a2 38. Ra1 Qxe7 39. Qf4 b4 40. cxb4 Qxb4 41. Qh6 Qb1+ 42. Kg2 Qxf5 0-1

[Event "Late-Titled-Tuesday-Blitz-April-16-2024"]
[Site "Chess.com"]
[Date "2024.04.16"]
[Round "10"]
[White "jcibarra"]
[Black "Jospem"]
[Result "0-1"]
[WhiteElo "2930"]
[BlackElo "3058"]
[TimeControl "180+1"]
[EndTime "15:54:58 PDT"]
[Termination "Jospem won by checkmate"]

1. e4 e6 2. d4 d5 3. Nc3 Bb4 4. Ne2 Nf6 5. e5 Nfd7 6. f4 Be7 7. Be3 c5 8. dxc5 Nc6 9. Qd2 Bxc5 10. Bxc5 Nxc5 11.
Nd4 Bd7 12. O-O-O O-O 13. Kb1 Rc8 14. Qe3 Nxd4 15. Rxd4 f6 16. exf6 Qxf6 17. g3 Rfe8 18. Bg2 b5 19. Re1 a5 20. a3 Na6 21. Bf1 Rb8 22. Bd3 Nc5 23. Na2 Na4 24. c3 Nc5 25. Bc2 g6 26. h4 Nb7 27. h5 Nd6 28. hxg6 hxg6 29. g4 Nf7 30. g5 Qg7 31. Rd2 Rb7 32.
Qd3 Rf8 33. Qxg6 Qxg6 34. Bxg6 Nd6 35. Rd4 Kg7 36. Bd3 Rh8 37. f5 Nxf5 38. Bxf5 exf5 39.
Rxd5 Kg6 40. Re7 Bc6 41. Rd6+ Kxg5 42. Re1 Be4+ 43. Ka1 Rh2 44. Nc1 b4 45. cxb4 axb4 46. a4 b3 47. a5 Rb4 48. Rxe4 fxe4 49. Rb6 Rh1 50. Kb1 Rc4 51. Rxb3 Rcxc1+ 52. Ka2 Ra1# 0-1

[Event "Late-Titled-Tuesday-Blitz-April-16-2024"]
[Site "Chess.com"]
[Date "2024.04.16"]
[Round "10"]
[White "dretch"]
[Black "Leebit02"]
[Result "1-0"]
[WhiteElo "2907"]
[BlackElo "2572"]
[TimeControl "180+1"]
[EndTime "15:54:58 PDT"]
[Termination "dretch won by resignation"]

1. d4 d5 2. c4 dxc4 3. e3 Nf6 4. Bxc4 e6 5. Nf3 c5 6. O-O a6 7. Bd3 Nbd7 8. a4 Be7 9. Nc3 O-O 10. Qe2 cxd4 11.
exd4 Nb6 12. Rd1 Bd7 13. Ne5 Rc8 14. a5 Nbd5 15. Nxd5 Nxd5 16. Qe4 g6 17. Bh6 Re8 18. Qf3 Bf6 19. Be4 Rc7 20. h4 Bc6 21. h5 Bg5 22. hxg6 hxg6 23. Bxg5 Qxg5 24. Ra3 Kg7 25. Qg3 Qxg3 26.
Rxg3 Bb5 27. Rf3 Rd8 28. g4 Nb4 29. Rc3 Rdc8 30. Rdc1 Nc6 31. g5 Kf8 32. Kg2 Ke7 33. Kg3 Kd6 34. Kf4 Nxa5 35. Rxc7 Rxc7 36. Rxc7 Kxc7 37. Nxf7 Nc4 38. Bxg6 Nxb2 39. Ne5 a5 40. Bf7 Bd3 41. Nxd3 Nxd3+ 42. Ke3 Nb4 43. g6 Nd5+ 44. Ke4 a4 45. Bxe6 1-0

[Event "Late-Titled-Tuesday-Blitz-April-16-2024"]
[Site "Chess.com"]
[Date "2024.04.16"]
[Round "10"]
[White "vova-79"]
[Black "Denisenko_Denis"]
[Result "1-0"]
[WhiteElo "2541"]
[BlackElo "2431"]
[TimeControl "180+1"]
[EndTime "15:54:58 PDT"]
[Termination "vova-79 won by resignation"]

1. d4 d5 2. c4 c6 3. Nc3 Nf6 4. e3 Bf5 5. cxd5 cxd5 6. Qb3 Bc8 7. Nf3 e6 8. Ne5 Be7 9. Bd3 O-O 10. O-O Nc6 11.
f4 Nd7 12. Bd2 f6 13. Nf3 Qb6 14. f5 Qxb3 15. axb3 Nb6 16. fxe6 Bxe6 17. Nb5 Rfc8 18. Rfc1 a6 19. Nc3 Nb4 20. Be2 Bf5 21. Ne1 Bd6 22.
Nd1 Kf7 23. Nf2 Rxc1 24. Rxc1 Rc8 25. Rxc8 Nxc8 26. Ned3 Nxd3 27. Bxd3 Bxd3 28. Nxd3 Ke6 29. Kf2 h5 30. h3 Ne7 31. g4 hxg4 32. hxg4 Nc6 33.
Kf3 g6 34. Be1 Ne7 35. Bg3 b6 36. Bxd6 Kxd6 37. Nf4 g5 38. Nh5 Ke6 39. e4 dxe4+ 40. Kxe4 f5+ 41. gxf5+ Nxf5 42. d5+ Kd6 43. Kxf5 Kxd5 44.
Ng3 Kc5 45. Ne4+ Kb4 46. Nd2 a5 47. Kxg5 a4 48. Kf4 a3 49. bxa3+ Kc3 50. Ke3 Kb2 51.
a4 Ka3 52. Kd3 Kb4 53. Kc2 b5 54. axb5 Kxb5 55. Kc3 Kc5 56. b4+ Kb5 57. Kb3 Kb6 58.
Kc4 Kc6 59. b5+ Kb6 60. Kb4 Kb7 61. Kc5 Kc7 62. b6+ Kb7 63. Kb5 Kb8 64. Kc6 Kc8 65. b7+ Kb8 66. Ne4 Ka7 67. Kc7 1-0

[Event "Late-Titled-Tuesday-Blitz-April-16-2024"]
[Site "Chess.com"]
[Date "2024.04.16"]
[Round "10"]
[White "alexrustemov"]
[Black "Alexei_Gubajdullin"]
[Result "1-0"]
[WhiteElo "2859"]
[BlackElo "2630"]
[TimeControl "180+1"]
[EndTime "15:54:59 PDT"]
[Termination "alexrustemov won by resignation"]

1. d4 Nf6 2. c4 g6 3. g3 Bg7 4. Bg2 d6 5. Nc3 O-O 6. Nf3 Nbd7 7. O-O e5 8. e4 c6 9. h3 a5 10. Re1 Re8 11. Be3 a4 12. d5 cxd5 13. cxd5 Qa5 14.
Bf1 Nc5 15. Nd2 Qb4 16. a3 Qxb2 17. Nb5 Ncxe4 18. Rb1 Nc3 19. Rxb2 Nxd1 20. Rxd1 Nxd5 21. Nxd6 Rd8 22. N2c4 e4 23. Rxd5 Be6 24. Rdb5 Bxb2 25.
Rxb2 Ra6 26. Nxe4 Rd1 27. Ned2 Rc6 28. Kg2 Bd5+ 29. f3 Rc1 30. Kf2 Rc7 31. Rb4 Bc6 32. Bd3 Rd7 33. Be4 Bxe4 34. fxe4 Kg7 35. g4 f6 36. h4 Rc7 37. g5 fxg5 38. hxg5 Kf7 39. Ke2 Rc2 40. Kd3 Ra2 41. Rb6 Ke7 42. Bd4 Rd7 43. e5 Rd5 44. Ke4 Rd7 45. Bc5+ Kd8 46. e6 Rdxd2 47. Nxd2 Rxd2 48. Rd6+ Rxd6 49. Bxd6 b5 50.
Bb4 Ke8 51. Ke5 1-0

[Event "Late-Titled-Tuesday-Blitz-April-16-2024"]
[Site "Chess.com"]
[Date "2024.04.16"]
[Round "10"]
[White "ChadBiryani"]
[Black "cukus"]
[Result "1/2-1/2"]
[WhiteElo "2460"]
[BlackElo "2370"]
[TimeControl "180+1"]
[EndTime "15:55:00 PDT"]
[Termination "Game drawn by repetition"]

1. Nf3 Nf6 2. b4 d5 3. Bb2 Bf5 4. e3 e6 5. a3 h6 6. c4 c6 7.
Nc3 Nbd7 8. Be2 Bh7 9. O-O Bd6 10. h3 O-O 11. Qb3 Re8 12. Rac1 Bf8 13. Rfd1 a5 14. Bf1 Qb6 15. Na4 Qc7 16. b5 c5 17. d4 dxc4 18. Rxc4 b6 19. dxc5 Nxc5 20. Nxc5 Bxc5 21. Bd4 Be4 22.
Bxc5 bxc5 23. Qc3 Qb7 24. Rxc5 Bxf3 25. gxf3 Qxf3 26. Rb1 Ne4 27. Qc2 Nxc5 28. Qxc5 Rac8 29. Qd4 e5 30. Qg4 Qxg4+ 31. hxg4 a4 32. Rb4 Ra8 33.
b6 Reb8 34. b7 Ra7 35. Bg2 g6 36. Rb6 Kg7 37. Kf1 Ra5 38. Ke2 Rc5 39. Ra6 Rc7 40. Ra7 Kf6 41. Be4 Kg5 42. Kf3 f5 43. gxf5 gxf5 44. Bd5 h5 45. Rxa4 h4 46. Kg2 e4 47.
Ra8 Rcxb7 48. Bxb7 Rxb7 49. Rg8+ Kf6 50. Ra8 Rb2 51.
a4 h3+ 52. Kxh3 Rxf2 53. a5 Ra2 54. Kg3 Re2 55. a6 Rxe3+ 56. Kh4 Ra3 57. a7 Kg7 58. Kg5 Ra5 59. Kf4 Kh7 60. Ke3 Ra4 61. Kf4 Kg7 62.
Ke3 Ra5 63. Kd4 Kh7 64. Ke3 Ra6 65. Kf4 Ra5 66. Ke3 1/2-1/2

[Event "Late-Titled-Tuesday-Blitz-April-16-2024"]
[Site "Chess.com"]
[Date "2024.04.16"]
[Round "10"]
[White "grzechu96"]
[Black "chucksterf10"]
[Result "1-0"]
[WhiteElo "2784"]
[BlackElo "2597"]
[TimeControl "180+1"]
[EndTime "15:55:01 PDT"]
[Termination "grzechu96 won by resignation"]

1. e4 Nc6 2. Nf3 d5 3. exd5 Qxd5 4. Be2 Bg4 5. O-O O-O-O 6. h3 Bh5 7. Nc3 Qd7 8. b4 Nxb4 9. Rb1 Nc6 10. Ne5 Bxe2 11. Qxe2 Nxe5 12. Qxe5 Nf6 13. d3 e6 14. Be3 b6 15.
Nb5 c6 16. Nxa7+ Qxa7 17. Rxb6 Qc7 18. Qa5 Nd5 19. Qa6+ Kd7 20. Rb7 Bd6 21. Rxc7+ Nxc7 22. Qc4 Ra8 23. Bd4 f6 24. Re1 Rhb8 25. Bc3 Rb5 26. a4 Rc5 27. Qb3 Kc8 28. Bb4 Rb8 29.
Qa3 Re5 30. Bxd6 Rxe1+ 31. Kh2 Rb7 32. Qc3 Reb1 33. Qxc6 R1b6 34. Qc5 Ra6 35. Bg3 Kd7 36. c3 e5 37. d4 Rc6 38. Qa3 e4 39. d5 Nxd5 40. Qf8 Nxc3 41. Qxg7+ Kc8 42. Qh8+ Kd7 43. Qxh7+ Kc8 44. Qg8+ Kd7 45. h4 Rc8 46. Qf7+ Kc6 47. Qe6+ Kc5 48. Qxc8+ Kb6 49. Qxc3 1-0

[Event "Late-Titled-Tuesday-Blitz-April-16-2024"]
[Site "Chess.com"]
[Date "2024.04.16"]
[Round "10"]
[White "Nemsko"]
[Black "Charodej1"]
[Result "1/2-1/2"]
[WhiteElo "2424"]
[BlackElo "2321"]
[TimeControl "180+1"]
[EndTime "15:55:01 PDT"]
[Termination "Game drawn by agreement"]

1. e4 d5 2. exd5 Nf6 3. Nc3 Nxd5 4. Bc4 Nb6 5. Bb3 g6 6. d4 Bg7 7. Be3 O-O 8. Nge2 c6 9. O-O e5 10. d5 Nxd5 11. Nxd5 cxd5 12. Bxd5 Nc6 13. c3 Ne7 14. Bb3 Qc7 15. Ng3 Nf5 16. Nxf5 Bxf5 17. Qc1 Rfd8 18. Bh6 a5 19. Bxg7 Kxg7 20. Bc2 Be6 21. Qe3 Bd5 22.
Rfe1 Re8 23. Be4 Bc6 24. Rad1 a4 25. Qc5 Ra5 26. Qb4 Rb5 27. Qa3 Ra8 28. c4 Rba5 29. Qc3 f6 30. h3 Rc5 31. b4 axb3 32. axb3 Bxe4 33. Rxe4 Rd8 34. Ree1 b5 35. Rxd8 Qxd8 36. Qb4 Qd4 37. Rc1 e4 38. Qc3 Qxc3 39. Rxc3 bxc4 40.
bxc4 f5 41. Kf1 Kf6 42. f4 exf3 43. Rxf3 Rxc4 44. Ra3 Rc6 45. Ra7 h5 46. Ra4 Kg5 47.
Kf2 h4 48. Ra2 Re6 49. Ra4 Rc6 50. Ra2 Rc4 51. Rb2 Rf4+ 52. Ke3 Rf1 53. Ra2 Rc1 54.
Rb2 Rc4 55. Ra2 Re4+ 56. Kf3 Rf4+ 1/2-1/2

[Event "Late-Titled-Tuesday-Blitz-April-16-2024"]
[Site "Chess.com"]
[Date "2024.04.16"]
[Round "10"]
[White "Oleg_Papayan"]
[Black "laskakid"]
[Result "1-0"]
[WhiteElo "2670"]
[BlackElo "2388"]
[TimeControl "180+1"]
[EndTime "15:55:02 PDT"]
[Termination "Oleg_Papayan won on time"]

1. e4 d6 2. d4 Nf6 3. Nc3 e5 4. dxe5 dxe5 5. Qxd8+ Kxd8 6. Bc4 Bb4 7. Ne2 Be6 8. Bxe6 fxe6 9. f3 Ke7 10. Be3 Nbd7 11. O-O-O a6 12. a3 Bd6 13. Rd2 b5 14. Rhd1 Rhb8 15.
g3 a5 16. a4 bxa4 17. Nxa4 Rb4 18. b3 Ne8 19. Nec3 c5 20. Na2 Rb5 21. Nb2 Ra6 22. Nc3 Rb7 23. Nc4 Bb8 24. Na4 Ba7 25. Rxd7+ Rxd7 26. Bxc5+ Kd8 27. Rxd7+ Kxd7 28. Nxe5+ Kc8 29. c4 Bxc5 30. Nxc5 Ra7 31. f4 Rc7 32. Nxe6 Re7 33. Nc5 Nc7 34. Nc6 Rf7 35. Nxa5 g5 36. f5 g4 37. Nc6 Ne8 38. Nd4 Nd6 39. Kd2 Kc7 40. Ke3 Kb6 41. Nce6 Ka5 42. c5 Nb5 43. Nxb5 Kxb5 44. Kd4 Kc6 45. b4 Rb7 46. Kc4 Re7 47.
e5 Kb7 48. b5 Rf7 49. f6 Rd7 50. c6+ 1-0